Map: Cactus Valley LE (Void)

Players

noodles

  • Race: Protoss Protoss
  • League: Master
  • Spawn Location: 1:00

FLORENCIO - Winner!

  • Race: Protoss Protoss
  • League: Master
  • Spawn Location: 7:00

VOD

Have the link to the VOD?

Description

Time

  • Played on: Jan. 25, 2017, 6:57 p.m.
  • Length: 38:43
Show
View Real Time Build Order
Export as new Build Order

noodles Protoss 

Build Orders:  

Get SALT Encoding   

  12  0:03  Probe (Chrono Boost)  
  13  0:13  Probe (Chrono Boost)  
  14  0:18  Pylon  
  14  0:24  Probe (Chrono Boost)  
  15  0:36  Probe (Chrono Boost)  
  15  0:38  Gateway  
  16  0:44  Assimilator  
  16  0:49  Probe (Chrono Boost)  
  17  0:55  Assimilator  
  17  0:59  Probe (Chrono Boost)  
  18  1:10  Probe (Chrono Boost)  
  19  1:14  Gateway  
  19  1:21  Probe (Chrono Boost)  
  20  1:27  Cybernetics Core  
  20  1:31  Probe (Chrono Boost)  
  21  1:42  Probe (Chrono Boost)  
  21  1:46  Pylon  
  22  1:50  Pylon  
  22  2:00  Zealot  
  24  2:19  Mothership Core (Chrono Boost)  
  25  2:37  Probe (Chrono Boost)  
  25  2:43  Pylon  
  26  2:45  Pylon  
  26  2:58  Probe (Chrono Boost)  
  25  3:03  Pylon  
  25  3:10  Probe (Chrono Boost)  
  26  3:26  Stalker  
  24  3:35  Mothership Core (Chrono Boost)  
  23  4:02  Warp Gate  
  21  4:11  Nexus  
  21  4:17  Pylon  
  17  5:24  Gateway  
  18  5:30  Probe (Chrono Boost)  
  18  5:35  Assimilator  
  18  5:42  Probe (Chrono Boost)  
  19  5:52  Gateway  
  19  5:56  Probe (Chrono Boost)  
  20  5:59  Assimilator  
  20  6:06  Probe (Chrono Boost)  
  21  6:17  Probe (Chrono Boost)  
  22  6:19  Gateway  
  22  6:21  Stalker  
  26  6:33  Mothership Core (Chrono Boost)  
  26  6:50  Stalker x2  
  26  6:51  Probe (Chrono Boost)  
  31  7:00  Pylon  
  31  7:04  Pylon  
  31  7:18  Robotics Facility  
  31  7:35  Stalker x2  
  35  7:44  Stalker  
  35  7:59  Cybernetics Core  
  35  8:01  Probe (Chrono Boost)  
  35  8:04  Warp Prism  
  38  8:38  Stalker x3  
  44  8:49  Pylon  
  44  8:56  Pylon  
  44  9:16  Stalker x3  
  51  9:38  Mothership Core (Chrono Boost)  
  51  9:56  Nexus  
  51  10:11  Immortal  
  55  10:20  Stalker  
  50  11:00  Pylon  
  50  11:08  Mothership Core (Chrono Boost), Probe (Chrono Boost)  
  53  11:19  Probe (Chrono Boost)  
  53  11:24  Pylon  
  54  11:26  Probe (Chrono Boost)  
  54  11:30  Probe (Chrono Boost)  
  56  11:37  Probe (Chrono Boost)  
  56  11:40  Probe (Chrono Boost)  
  56  11:52  Probe (Chrono Boost)  
  55  11:59  Twilight Council, Probe (Chrono Boost)  
  55  12:00  Observer  
  57  12:06  Probe (Chrono Boost)  
  58  12:11  Probe (Chrono Boost)  
  58  12:14  Pylon  
  59  12:17  Probe (Chrono Boost)  
  59  12:21  Probe (Chrono Boost)  
  61  12:25  Blink  
  61  12:28  Probe (Chrono Boost)  
  62  12:39  Templar Archives  
  62  12:42  Sentry  
  64  12:44  Sentry  
  64  12:50  Sentry  
  66  12:53  Probe (Chrono Boost)  
  68  12:58  Probe (Chrono Boost)  
  69  13:05  Probe (Chrono Boost)  
  69  13:09  Probe (Chrono Boost)  
  69  13:10  Assimilator  
  70  13:16  High Templar x2  
  70  13:17  Probe (Chrono Boost)  
  70  13:18  High Templar  
  75  13:26  Archon  
  75  13:31  Gateway  
  72  13:37  Probe (Chrono Boost)  
  72  13:38  Probe (Chrono Boost)  
  74  13:48  Probe (Chrono Boost)  
  75  13:53  Stalker x3  
  81  13:59  Psionic Storm  
  81  14:01  Probe (Chrono Boost)  
  83  14:03  Pylon, Probe (Chrono Boost)  
  83  14:05  Pylon  
  83  14:13  Assimilator  
  83  14:26  Probe (Chrono Boost)  
  84  14:40  Nexus  
  79  15:04  Stalker x3  
  85  15:18  Pylon  
  85  15:47  High Templar x2  
  85  15:48  High Templar x2  
  91  16:02  Pylon  
  90  16:09  Pylon  
  78  16:32  Probe (Chrono Boost)  
  80  16:34  Probe (Chrono Boost)  
  80  16:41  Stalker x4  
  80  16:43  Probe (Chrono Boost)  
  80  16:46  Probe (Chrono Boost)  
  88  16:59  Probe (Chrono Boost)  
  90  17:01  Probe (Chrono Boost)  
  88  17:11  Stalker x4  
  88  17:35  Probe (Chrono Boost)  
  90  17:37  Probe (Chrono Boost)  
  90  17:46  Probe (Chrono Boost)  
  90  17:49  Probe (Chrono Boost)  
  90  17:50  Immortal  
  90  17:56  Probe (Chrono Boost)  
  91  18:01  Probe (Chrono Boost)  
  91  18:03  Charge  
  92  18:07  Probe (Chrono Boost)  
  93  18:23  Probe (Chrono Boost)  
  93  18:25  Probe (Chrono Boost)  
  93  18:26  Immortal  
  95  18:31  Assimilator  
  95  18:32  Nexus  
  100  18:34  Probe (Chrono Boost)  
  100  18:36  Assimilator  
  100  18:37  Probe (Chrono Boost)  
  101  18:45  Mothership Core (Chrono Boost)  
  101  18:47  Stalker x2  
  105  19:02  Sentry x2  
  107  19:14  Stalker x2  
  109  19:26  Stalker x2  
  113  19:42  Pylon  
  113  19:44  Stalker x2  
  99  20:00  Stalker x2  
  81  20:14  Stalker x2  
  81  20:17  Probe (Chrono Boost)  
  81  20:19  Probe (Chrono Boost)  
  87  20:22  Probe (Chrono Boost)  
  87  20:28  Probe (Chrono Boost)  
  89  20:30  Stalker x2  
  89  20:31  Probe (Chrono Boost)  
  89  20:33  Probe (Chrono Boost)  
  95  20:38  Probe (Chrono Boost)  
  97  20:43  Probe x2 (Chrono Boost)  
  97  20:45  Zealot  
  97  20:49  Probe (Chrono Boost)  
  101  20:54  Probe (Chrono Boost)  
  101  20:55  Probe (Chrono Boost)  
  103  20:59  Probe (Chrono Boost)  
  104  21:08  Gateway  
  104  21:11  Gateway  
  104  21:13  Gateway  
  104  21:17  Gateway  
  104  21:18  Stalker x4  
  109  21:41  Stalker x3  
  109  21:42  Stalker  
  117  21:49  Nexus  
  117  21:55  Pylon  
  117  22:00  Pylon  
  117  22:07  Stalker x3  
  123  22:10  Forge  
  123  22:25  Stalker x3  
  123  22:26  Stalker x2  
  133  22:38  Mothership Core (Chrono Boost)  
  133  22:43  Sentry x2  
  133  22:44  Sentry  
  139  22:56  Stalker  
  141  23:00  Pylon  
  138  23:30  Pylon  
  138  23:31  Pylon  
  138  23:32  Pylon  
  135  23:50  Pylon  
  135  23:52  Pylon  
  135  23:53  Pylon  
  135  23:54  Gateway  
  135  23:55  Gateway  
  135  23:56  Gateway  
  135  23:58  Pylon  
  129  24:26  Stalker x4  
  137  24:32  Assimilator  
  137  24:35  Pylon  
  137  24:36  Pylon, Assimilator  
  137  24:37  Cybernetics Core  
  116  25:02  Stalker  
  116  25:03  Stalker x6  
  130  25:13  Robotics Facility  
  128  25:18  Pylon  
  128  25:26  Observer  
  129  25:44  Stalker x2  
  129  25:45  Stalker x5  
  129  25:48  Observer  
  136  26:20  Stalker x5  
  136  26:21  Stalker  
  122  26:53  Stalker x5  
  116  27:14  Stalker  
  116  27:15  Stalker  
  94  27:20  Stalker x2  
  98  27:47  Stalker x4  
  106  28:30  Stalker  
  106  28:31  Stalker x5  
  112  29:06  Nexus  
  112  29:12  Pylon x2  
  112  29:14  Pylon  
  112  29:25  Pylon  
  113  29:32  Probe (Chrono Boost)  
  113  29:36  High Templar x2  
  117  29:44  Probe (Chrono Boost)  
  118  29:52  Assimilator  
  118  29:55  High Templar  
  118  29:57  Assimilator, Probe (Chrono Boost)  
  121  30:09  Probe (Chrono Boost)  
  121  30:13  Stalker x2  
  126  30:21  Probe (Chrono Boost)  
  127  30:24  Probe (Chrono Boost)  
  128  30:33  Probe (Chrono Boost)  
  128  30:35  Probe (Chrono Boost)  
  130  30:42  Stalker x3  
  136  30:55  Probe (Chrono Boost)  
  136  30:57  Probe (Chrono Boost)  
  138  31:00  Immortal  
  142  31:13  Zealot x2  
  146  31:35  Stalker x2  
  150  32:00  Pylon  
  150  32:01  Pylon x2  
  150  32:11  Pylon  
  150  32:12  Pylon  
  150  32:26  High Templar x2  
  150  32:27  High Templar x2  
  158  32:30  Archon  
  158  32:31  Gateway  
  158  32:34  Immortal, Archon  
  162  33:02  Gateway  
  162  33:03  Gateway, Stalker x3  
  162  33:05  Gateway  
  168  33:11  Forge  
  168  33:29  Protoss Ground Weapons Level 1  
  168  33:40  High Templar x4  
  176  33:44  Nexus  
  173  34:20  Pylon  
  173  34:21  Pylon  
  173  34:22  Pylon  
  169  34:40  Pylon  
  169  34:42  Pylon  
  169  34:43  Pylon  
  169  34:47  Gateway  
  169  34:49  Gateway  
  169  34:51  Gateway  
  169  34:57  Cybernetics Core  
  169  35:32  Pylon  
  169  35:34  Pylon  
  169  35:35  Pylon  
  169  35:40  Stargate  
Show
View Real Time Build Order
Export as new Build Order

FLORENCIO Protoss - Winner!

Build Orders:  

Get SALT Encoding   

  12  0:01  Probe (Chrono Boost)  
  13  0:12  Probe (Chrono Boost)  
  14  0:22  Pylon  
  14  0:23  Probe (Chrono Boost)  
  15  0:40  Probe (Chrono Boost)  
  16  0:43  Forge  
  16  0:50  Probe (Chrono Boost)  
  17  1:09  Probe (Chrono Boost)  
  18  1:20  Pylon, Probe (Chrono Boost)  
  18  1:22  Gateway  
  19  1:30  Probe (Chrono Boost)  
  20  1:43  Pylon  
  20  1:54  Probe (Chrono Boost)  
  20  2:01  Photon Cannon  
  20  2:03  Photon Cannon  
  20  2:04  Photon Cannon, Probe (Chrono Boost)  
  21  2:11  Photon Cannon  
  21  2:17  Photon Cannon  
  21  2:21  Photon Cannon  
  21  2:22  Pylon  
  21  2:26  Photon Cannon  
  21  2:33  Photon Cannon  
  21  2:43  Photon Cannon  
  21  2:54  Photon Cannon  
  21  2:57  Photon Cannon  
  21  3:02  Photon Cannon  
  21  3:12  Photon Cannon  
  21  3:20  Photon Cannon  
  21  3:32  Photon Cannon  
  21  3:41  Photon Cannon  
  21  3:45  Pylon  
  21  3:49  Pylon  
  21  4:02  Pylon  
  21  4:08  Photon Cannon  
  21  4:11  Photon Cannon  
  21  4:21  Pylon  
  21  4:24  Pylon  
  21  4:25  Pylon  
  21  4:29  Pylon  
  21  4:42  Pylon  
  21  4:47  Probe (Chrono Boost)  
  21  4:52  Photon Cannon, Cybernetics Core  
  22  4:57  Assimilator  
  22  5:09  Probe (Chrono Boost)  
  23  5:14  Assimilator  
  23  5:19  Probe (Chrono Boost)  
  24  5:30  Probe (Chrono Boost)  
  25  5:36  Nexus  
  25  5:40  Pylon  
  25  5:41  Probe (Chrono Boost)  
  26  5:51  Probe (Chrono Boost)  
  27  6:02  Photon Cannon, Mothership Core (Chrono Boost)  
  29  6:31  Probe (Chrono Boost)  
  30  6:38  Stargate  
  30  6:51  Stargate  
  30  6:53  Probe (Chrono Boost)  
  30  7:04  Probe (Chrono Boost)  
  30  7:08  Probe (Chrono Boost)  
  32  7:18  Pylon  
  32  7:19  Probe (Chrono Boost)  
  32  7:21  Probe (Chrono Boost)  
  34  7:29  Probe (Chrono Boost)  
  35  7:34  Pylon, Photon Cannon  
  35  7:40  Stalker  
  37  7:45  Photon Cannon  
  37  7:46  Pylon  
  37  7:47  Void Ray  
  41  7:55  Probe (Chrono Boost)  
  42  8:06  Mothership Core (Chrono Boost)  
  42  8:17  Photon Cannon  
  42  8:19  Void Ray  
  46  8:24  Probe (Chrono Boost)  
  47  8:35  Probe (Chrono Boost)  
  47  8:37  Void Ray  
  47  8:38  Assimilator  
  48  8:47  Probe (Chrono Boost)  
  53  8:51  Pylon  
  53  8:59  Probe (Chrono Boost)  
  54  9:08  Void Ray, Assimilator  
  58  9:15  Pylon  
  54  9:32  Void Ray  
  56  9:41  Nexus  
  56  10:08  Pylon  
  52  10:52  Robotics Facility  
  52  10:56  Assimilator  
  52  10:58  Probe (Chrono Boost)  
  52  11:00  Assimilator  
  52  11:02  Pylon, Void Ray  
  57  11:11  Photon Cannon  
  57  11:12  Photon Cannon  
  57  11:27  Probe (Chrono Boost)  
  58  11:35  Probe (Chrono Boost)  
  58  11:37  Probe (Chrono Boost)  
  60  11:48  Probe (Chrono Boost)  
  60  11:51  Void Ray  
  61  11:54  Immortal  
  61  11:58  Probe (Chrono Boost)  
  66  12:07  Nexus  
  66  12:09  Probe (Chrono Boost)  
  66  12:12  Void Ray  
  71  12:17  Nexus  
  71  12:28  Probe (Chrono Boost)  
  72  12:33  Nexus  
  72  12:38  Probe (Chrono Boost)  
  73  13:01  Immortal  
  73  13:05  Robotics Facility, Probe (Chrono Boost)  
  78  13:09  Gateway  
  78  13:11  Gateway  
  78  13:12  Gateway  
  78  13:15  Probe (Chrono Boost)  
  75  13:41  Immortal  
  79  13:43  Gateway, Probe (Chrono Boost)  
  79  13:45  Probe (Chrono Boost)  
  79  13:46  Gateway  
  79  13:47  Pylon, Assimilator  
  81  13:52  Assimilator  
  81  13:54  Probe (Chrono Boost)  
  83  13:55  Probe (Chrono Boost)  
  83  13:56  Pylon  
  83  14:03  Immortal  
  83  14:04  Probe (Chrono Boost)  
  88  14:15  Probe (Chrono Boost)  
  89  14:18  Stalker x2  
  89  14:19  Stalker  
  81  15:03  Stalker x4  
  81  15:06  Immortal x2  
  81  15:07  Void Ray  
  101  15:20  Probe (Chrono Boost)  
  102  15:22  Assimilator  
  102  15:24  Mothership Core (Chrono Boost)  
  102  15:26  Assimilator  
  104  15:28  Probe (Chrono Boost)  
  104  15:31  Probe (Chrono Boost)  
  104  15:32  Probe (Chrono Boost)  
  104  15:35  Stalker  
  109  15:39  Probe (Chrono Boost)  
  109  15:42  Probe (Chrono Boost)  
  112  15:50  Probe (Chrono Boost)  
  112  15:56  Void Ray  
  116  16:00  Probe (Chrono Boost)  
  115  16:05  Stalker x3  
  119  16:17  Stalker x2  
  114  16:34  Stalker  
  114  16:35  Stalker, Probe (Chrono Boost)  
  119  16:46  Probe (Chrono Boost)  
  120  16:56  Probe (Chrono Boost)  
  121  17:03  Pylon  
  121  17:05  Pylon, Stalker x3  
  121  17:06  Stalker  
  129  17:15  Pylon  
  125  17:24  Stalker  
  125  17:29  Void Ray  
  131  17:32  Photon Cannon  
  131  17:35  Stalker  
  132  17:56  Stalker  
  132  17:57  Stalker  
  136  18:05  Cybernetics Core  
  135  18:20  Probe (Chrono Boost)  
  135  18:26  Stalker  
  138  18:31  Probe (Chrono Boost)  
  139  18:40  Stalker  
  139  18:41  Stalker x2  
  141  18:56  Stalker  
  143  19:10  Stalker  
  131  19:31  Stalker x2  
  131  19:32  Stalker  
  131  19:33  Void Ray x2  
  143  19:44  Stalker  
  143  19:45  Stalker  
  121  20:11  Immortal x2  
  107  20:16  Void Ray  
  97  20:23  Twilight Council, Zealot x5  
  107  20:38  Void Ray, Nexus  
  111  20:45  Probe (Chrono Boost)  
  112  20:50  Immortal, Zealot x5  
  112  20:51  Immortal  
  130  21:01  Void Ray  
  136  21:04  Mothership Core (Chrono Boost)  
  136  21:17  Zealot  
  138  21:32  Stalker x4  
  145  21:44  Void Ray  
  149  21:56  Mothership Core (Chrono Boost)  
  149  22:02  Charge  
  147  22:25  Probe (Chrono Boost)  
  148  22:33  Assimilator  
  148  22:35  Probe (Chrono Boost)  
  149  22:38  Assimilator  
  148  22:54  Pylon  
  148  22:55  Void Ray  
  148  22:56  Pylon  
  134  23:30  Stalker x3  
  113  24:34  Stalker x2  
  113  24:36  Void Ray x2  
  125  25:53  Nexus  
  96  27:25  Immortal x2  
  96  27:29  Mothership Core (Chrono Boost)  
  106  27:43  Warp Gate  
  106  27:58  Assimilator  
  106  28:13  Assimilator  
  106  28:42  Immortal x2  
  110  29:12  Void Ray  
  114  29:21  Immortal x2  
  122  29:33  Pylon  
  122  29:34  Void Ray  
  126  29:52  Nexus  
  126  30:03  Observer  
  126  30:05  Void Ray  
  130  30:49  Immortal x2  
  138  30:50  Void Ray x2  
  146  31:06  Fleet Beacon  
  146  31:28  Probe (Chrono Boost)  
  147  31:52  Probe (Chrono Boost)  
  154  32:11  Immortal, Nexus  
  154  32:12  Immortal  
  154  32:13  Pylon  
  162  32:33  Photon Cannon  
  162  32:58  Void Ray x2  
  170  33:12  Photon Cannon  
  169  33:46  Void Ray x2  
  176  35:19  Nexus  
  176  35:20  Pylon  
  176  35:23  Pylon  
  176  35:45  Nexus  
  176  35:46  Pylon  
  176  35:49  Nexus  
  176  35:51  Pylon  
  87  37:15  Void Ray x2  
  87  37:17  Immortal x2  
  103  37:49  Assimilator  
  103  38:02  Assimilator x2  
  103  38:05  Assimilator  
Tags
 
Add a new tag
Caveats
  • Supply blocks, unpowered buildings, or Contaminate may cause inaccurate times.
  • Supply counts are checked every 10 seconds.